 Dungeon Crawl Stone Soup version 0.24.0-13-gcf9b319 (webtiles) character file.

Game seed: 13242815036666826027, levelgen mode: deterministic

79 420StarChild the Conjurer (level 4, -4/24 HPs)
             Began as a Tengu Fire Elementalist on Feb 11, 2020.
             Killed by nerve-wracking pain
             ... invoked by Grinder
              (13 damage)
             ... on level 3 of the Dungeon.
             The game lasted 00:03:02 (1623 turns).

420StarChild the Conjurer (Tengu Fire Elementalist) Turns: 1623, Time: 00:03:03

Health: -4/24      AC:  3    Str:  8    XL:     4   Next: 38%
Magic:  2/8        EV: 13    Int: 16    God:
Gold:   60         SH:  0    Dex: 15    Spells: 1/7 levels left

rFire    . . .     SeeInvis .   (no weapon)
rCold    . . .     Gourm    .   (no shield)
rNeg     . . .     Faith    .   a - +0 robe
rPois    .         Spirit   .   (helmet restricted)
rElec    .         Reflect  .   (no cloak)
rCorr    .         Harm     .   m - +0 pair of gloves
MR       .....                  (boots unavailable)
Stlth    ++........             (no amulet)
HPRegen  0.08/turn              (no ring)
MPRegen  0.11/turn              (no ring)

@: very slightly contaminated
A: beak, talons 3
a: no special abilities


You were on level 3 of the Dungeon.
You were not hungry.

You visited 1 branch of the dungeon, and saw 3 of its levels.

You collected 60 gold pieces.

Inventory:

Armour
 a - a +0 robe (worn)
 m - a +0 pair of gloves (worn)
Jewellery
 o - a cursed amulet of inaccuracy {unknown}
Wands
 l - a wand of flame (4)
Scrolls
 b - 2 scrolls of magic mapping {unknown}
 e - 3 scrolls of identify {unknown}
 g - a scroll of immolation {unknown}
 k - a scroll of amnesia {unknown}
Potions
 d - a potion of degeneration {unknown}
 f - a potion of lignification {unknown}
 h - a potion of agility {unknown}
 i - a potion of flight {unknown}
 j - 2 potions of curing {unknown}
 n - a potion of invisibility {unknown}
 p - 2 potions of mutation {unknown}
Comestibles
 c - 6 rations


   Skills:
 - Level 2.1 Dodging
 - Level 2.0 Stealth
 - Level 2.0 Spellcasting
 * Level 4.5 Conjurations
 + Level 4.1 Fire Magic


You had one spell level left.
You knew the following spells:

 Your Spells              Type           Power        Failure   Level  Hunger
a - Flame Tongue          Conj/Fire      ###..        3%          1    #......
b - Throw Flame           Conj/Fire      ###...       5%          2    ###....
c - Conjure Flame         Conj/Fire      ###.....     11%         3    ###....

Your spell library contained the following spells:

 Spells                   Type           Power        Failure   Level  Hunger
 Inner Flame              Hex/Fire       #.......     26%         3    ###....
 Sticky Flame             Conj/Fire      ###.....     34%         4    #####..
 Fireball                 Conj/Fire      ###.......   67%         5    ######.


Dungeon Overview and Level Annotations

Branches:
Dungeon (2/15)

Altars:
Uskayaw
Xom

Annotations:
D:3 Grinder


Innate Abilities, Weirdness & Mutations

You have a beak for a mouth.
You have claws for feet.


Message History

Casting: Flame Tongue (safe; 3% risk of failure)
Confirm with . or Enter, or press ? or * to list all spells.
Aiming: Flame Tongue (safe; 3% risk of failure)
Press: ? - help, Shift-Dir - straight line, f/p - Grinder
Aim: Grinder (moderately wounded)
The flame tongue hits Grinder.
Grinder is heavily wounded.
Grinder gestures at you. Pain shoots through your body!
Casting: Flame Tongue (safe; 3% risk of failure)
Confirm with . or Enter, or press ? or * to list all spells.
Aiming: Flame Tongue (safe; 3% risk of failure)
Press: ? - help, Shift-Dir - straight line, f/p - Grinder
Aim: Grinder (heavily wounded)
The flame tongue hits Grinder!
Grinder is severely wounded.
Grinder gestures at you. Pain shoots through your body!
Ouch! That really hurt!
You die...

## ##### .# ....# .# ....#
.### ....# $#.# ....# .#.#
....# ######5..## ....#
#....@.#..# ....#
###.####..# '#### #.####..#
.## #.......#
..#################..######
.......[.........<.........
#..########.#######.#######
##.# ##'####.........# #.#
#.......#.#####.#


You could see Grinder.

Vanquished Creatures
  3 gnolls (D:3)
  2 adders (D:3)
  An ooze (D:1)
  2 giant cockroaches
  4 goblins
  6 hobgoblins
  2 jackals (D:2)
  A kobold (D:1)
  5 bats (D:1)
  A frilled lizard (D:2)
  2 rats
29 creatures vanquished.

Notes
Turn   | Place    | Note
-------+----------+-------------------------------------------
     0 | D:1      | 420StarChild the Tengu Fire Elementalist began the quest
                  | for the Orb.
     0 | D:1      | Reached XP level 1. HP: 10/10 MP: 4/4
   188 | D:1      | Reached XP level 2. HP: 15/15 MP: 3/6
   193 | D:1      | Learned a level 2 spell: Throw Flame
  1011 | D:2      | Reached XP level 3. HP: 19/19 MP: 2/7
  1017 | D:2      | Learned a level 3 spell: Conjure Flame
  1086 | D:2      | Found a shimmering altar of Xom.
  1236 | D:2      | You fall into a shaft and drop 1 floor!
  1237 | D:3      | Noticed a +0 dagger
  1237 | D:3      | Noticed a +0 dagger
  1237 | D:3      | Found a hide-covered altar of Uskayaw.
  1307 | D:3      | Reached XP level 4. HP: 7/24 MP: 2/8
  1617 | D:3      | Noticed Grinder
  1623 | D:3      | Killed from afar by Grinder

Levels and vault maps discovered:
D:1:      dpeg_arrival_another_circle, layout_basic, minivault_11
D:2:      layout_basic, lemuel_zombie_altar_yredelemnul,
          nicolae_overflow_crystal_walls, lemuel_crystal_altar, first_ration
D:3:      layout_basic, dancing_weapons_uskayaw,
          grunt_dithmenos_smoke_and_mirrors, uniq_terence, uniq_grinder,
          uniq_ijyb

Skill      XL: |  1  2  3 |
---------------+----------+-----
Conjurations   | 2 3 4 |  4.5
Fire Magic     | 4 |  4.1
Dodging        | |  2.1
Stealth        | |  2.0
Spellcasting   | |  2.0

Action                   |  1- 3 |  4- 6 || total
-------------------------+-------+-------++-------
Melee: Unarmed           |    13 |       ||    13
       Peck              |     2 |       ||     2
       Kick              |     3 |       ||     3
 Cast: Flame Tongue      |    54 |    10 ||    64
Evoke: Wand              |     1 |     1 ||     2
  Eat: Chunk             |     2 |     1 ||     3
Armor: Robe              |    12 |     1 ||    13
Dodge: Dodged            |    22 |     6 ||    28
